 Dungeon Crawl Stone Soup version 0.17-a0-2101-g0c122e7 (webtiles) character file.

4435 tp1 the Thaumaturge (level 10, -2/52 HPs)
             Began as a Deep Elf Conjurer on Oct 18, 2015.
             Was a Follower of Vehumet.
             Slain by Grum
             ... wielding a +0 spear
              (14 damage)
             ... on level 9 of the Dungeon.
             The game lasted 01:02:56 (13598 turns).

tp1 the Thaumaturge (Deep Elf Conjurer)            Turns: 13598, Time: 01:02:56

Health: -2/52      AC:  5    Str:  7    XL:     10   Next: 14%
Magic:  0/25       EV: 16    Int: 22    God:    Vehumet [*.....]
Gold:   463        SH:  0    Dex: 15    Spells: 7 memorised, 7 levels left

rFire  + . .     SeeInvis .     P - +0 rapier
rCold  x . .     Clarity  .     A - +2 robe
rNeg   . . .     SustAt   .     (no shield)
rPois  .         Gourm    .     (no helmet)
rElec  .         Spirit   .     B - +0 cloak
rCorr  .         Warding  .     (no gloves)
rMut   .         Rnd*Tele +     (no boots)
MR     +....                    (no amulet)
Stlth  +++.......               d - ring of fire
                                f - ring of teleportation

@: very slightly contaminated, somewhat resistant to hostile enchantments,
fairly stealthy
A: no striking features
a: Renounce Religion, Evoke Teleportation


You were on level 9 of the Dungeon.
You worshipped Vehumet.
Vehumet was aware of your devotion.
You were not hungry.

You visited 2 branches of the dungeon, and saw 11 of its levels.

You collected 463 gold pieces.

Inventory:

Hand Weapons
 D - a +2 dagger of electrocution
 F - a +2 short sword of venom
 P - a +0 rapier (weapon)
Armour
 o - a +0 cloak
 s - a +0 buckler
 A - a +2 robe (worn)
 B - a +0 cloak (worn)
 H - a +0 ring mail of poison resistance
Jewellery
 d - a ring of fire (right hand)
 f - a ring of teleportation (left hand)
 k - a cursed amulet of inaccuracy {unknown}
 m - a +2 ring of strength
 r - an uncursed ring of poison resistance
 v - an uncursed ring of ice
Wands
 t - a wand of flame (28)
 x - a wand of fire (10)
 y - a wand of random effects (36)
 G - a wand of invisibility (2)
 K - a wand of draining (6)
Scrolls
 a - 2 scrolls of recharging
 e - a scroll of blinking
 g - 2 scrolls of enchant armour
 h - 3 scrolls of remove curse
 i - 2 scrolls of magic mapping
 l - a scroll of amnesia
 u - 3 scrolls of immolation
 C - 10 scrolls of teleportation
 I - a scroll of fog
 J - a scroll of enchant weapon
 M - a scroll of identify
 N - a scroll of holy word {unknown}
 R - a scroll of random uselessness {unknown}
Potions
 w - a potion of mutation
 z - a potion of degeneration
 E - a potion of invisibility
 Q - a potion of flight
Books
 b - a book of Conjurations

   Spells                             Type                      Level
   a - Magic Dart                     Conjuration                  1
   b - Searing Ray                    Conjuration                  2
   c - Dazzling Spray                 Conjuration/Hexes            3
   d - Fulminant Prism                Conjuration/Hexes            4
   e - Iskenderun's Mystic Blast      Conjuration                  4
   f - Iskenderun's Battlesphere      Conjuration/Charms           5
 L - a book of Hinderance

   Spells                             Type                      Level
   a - Confusing Touch                Hexes                        2
   b - Confuse                        Hexes                        3
   c - Gell's Gravitas                Hexes/Translocation          3
   d - Petrify                        Transmutation/Earth          4
   e - Metabolic Englaciation         Hexes/Ice                    5
 O - a book of Summonings

   Spells                             Type                      Level
   a - Recall                         Summoning/Translocation      3
   b - Aura of Abjuration             Summoning                    5
   c - Shadow Creatures               Summoning                    5
   d - Summon Demon                   Summoning                    5
   e - Summon Forest                  Summoning/Translocation      5
   f - Summon Mana Viper              Hexes/Summoning              5
Comestibles
 c - 6 bread rations
 j - 3 meat rations
 n - 7 chunks of flesh
 p - 4 beef jerkies
 q - 8 slices of pizza


   Skills:
 - Level 1.0 Fighting
 - Level 1.0 Short Blades
 - Level 2.1 Armour
 - Level 6.3 Dodging
 - Level 5.0 Stealth
 - Level 9.0 Spellcasting
 - Level 8.0 Conjurations
 - Level 6.6 Hexes
 + Level 8.8 Charms
 - Level 2.1 Summonings
 - Level 4.6 Fire Magic


You had 7 spell levels left.
You knew the following spells:

 Your Spells              Type           Power        Failure   Level  Hunger
a - Magic Dart            Conj           ####         1%          1    None
b - Searing Ray           Conj           #####.       1%          2    None
c - Dazzling Spray        Conj/Hex       #####...     1%          3    None
d - Iskenderun's Battles  Conj/Chrm      #####...     8%          5    #####..
e - Flame Tongue          Conj/Fire      #####        1%          1    None
f - Confuse               Hex            #####...     1%          3    None
g - Summon Demon          Summ           ###.......   85%         5    #####..


Dungeon Overview and Level Annotations

Branches:
Dungeon (10/15)            Temple (1/1) D:7
   Lair: D:8-11         Orc: D:9-12

Altars:
Dithmenos
Fedhas
Gozag
Kikubaaqudgha
Makhleb
Nemelex Xobeh
Vehumet
Xom

Shops:
D:6 [   D:8 }

Annotations:
D:9 Grum


Message History

Aim: Grum, wielding a spear and wearing an animal skin (lightly wounded)
The magic dart hits Grum.
Grum is lightly wounded.
Casting: Magic Dart
Confirm with . or Enter, or press ? or * to list all spells.
You miscast Iskenderun's Battlesphere.
You are very lightly contaminated with residual magic.
Smoke pours from your hands!
Casting: Iskenderun's Battlesphere
Confirm with . or Enter, or press ? or * to list all spells.
You miscast Iskenderun's Battlesphere.
You are caught in a violent explosion!
The explosion engulfs you!
You hear an angry buzzing noise.
You hear a croak.
Grum barely misses you. Grum hits you from afar with a spear!
* * * LOW HITPOINT WARNING * * *
Casting: Iskenderun's Battlesphere
Confirm with . or Enter, or press ? or * to list all spells.
You conjure a globe of magical energy.
Grum hits you from afar with a spear!
You die...

#.#)..# #..#
##.#...####
#..####.........#
###...!.........#...
)........)....## ..
#..####.....## .
#.§####..##..##
#§§§§.........#
#§§§g.@..#####.#
##§####..# .# #§§
..*# # ######..#
...# .... ##.### .#


You could see Grum.

Vanquished Creatures
  A troll (D:10)
  A two-headed ogre (D:9)
  A human (D:7)
  A yak (D:7)
  Eustachio (D:6)
  A hippogriff (D:10)
  3 wolves (D:9)
  Duvessa (D:4)
  3 sky beasts
  An orc warrior (D:7)
  2 black bears (D:7)
  5 centaurs
  A phantom (D:4)
  4 ogres
  An ice beast (D:10)
  A giant frog (D:6)
  Dowan (D:4)
  A big kobold (D:9)
  5 scorpions (D:7)
  A wight (D:7)
  4 crimson imps
  A centaur zombie (D:8)
  A giant frog zombie (D:9)
  2 hounds (D:8)
  A centaur skeleton (D:6)
  A jelly (D:6)
  An orc priest (D:5)
  An iguana (D:6)
  4 orc wizards
  6 worker ants
  Jessica (D:3)
  3 sheep (D:7)
  The ghost of 4thArraOfDagon the Caller, a weakling TrSu (D:4)
  A hound zombie (D:10)
  A worker ant zombie (D:4)
  14 adders
  4 gnolls
  An adder zombie (D:6)
  3 worms
  An adder skeleton (D:4)
  15 orcs
  4 ball pythons
  19 bats
  5 giant cockroaches
  8 goblins
  8 hobgoblins
  3 jackals (D:4)
  7 quokkas
  A giant gecko (D:8)
  7 giant newts
  17 kobolds
  A quokka skeleton (D:6)
  5 rats
  2 butterflies (D:5)
190 creatures vanquished.

Vanquished Creatures (others)
  2 fungi (D:7)
2 creatures vanquished.

Grand Total: 192 creatures vanquished

Notes
Turn   | Place    | Note
--------------------------------------------------------------
     0 | D:1      | tp1 the Deep Elf Conjurer began the quest for the Orb.
     0 | D:1      | Reached XP level 1. HP: 10/10 MP: 6/6
   363 | D:1      | Reached XP level 2. HP: 13/15 MP: 4/8
  1069 | D:2      | Reached skill level 5 in Conjurations
  1069 | D:2      | Reached XP level 3. HP: 16/19 MP: 1/9
  1277 | D:2      | Found a blossoming altar of Fedhas.
  1381 | D:2      | Reached skill level 1 in Short Blades
  1900 | D:2      | Found a blossoming altar of Fedhas.
  2159 | D:3      | Noticed Jessica
  2165 | D:3      | Reached XP level 4. HP: 20/24 MP: 6/11
  2170 | D:3      | Killed Jessica
  2409 | D:3      | Learned a level 2 spell: Searing Ray
  2413 | D:3      | Learned a level 3 spell: Dazzling Spray
  3856 | D:3      | Reached skill level 5 in Spellcasting
  3856 | D:3      | Reached XP level 5. HP: 25/28 MP: 10/14
  3867 | D:3      | Learned a level 5 spell: Iskenderun's Battlesphere
  4495 | D:4      | Reached skill level 1 in Charms
  4545 | D:4      | Noticed a phantom
  4660 | D:4      | Noticed 4thArraOfDagon's ghost (weakling TrSu)
  4668 | D:4      | Killed 4thArraOfDagon's ghost
  4774 | D:4      | Noticed Dowan
  4781 | D:4      | Noticed Duvessa
  4799 | D:4      | Killed Duvessa
  4799 | D:4      | Reached skill level 5 in Charms
  4799 | D:4      | Reached XP level 6. HP: 13/32 MP: 8/15
  4810 | D:4      | Killed Dowan
  4810 | D:4      | Reached skill level 6 in Charms
  5118 | D:4      | Killed a phantom
  5381 | D:4      | Noticed an ogre
  5394 | D:4      | Killed an ogre
  5394 | D:4      | Reached XP level 7. HP: 36/36 MP: 4/16
  5777 | D:4      | Found an ancient bone altar of Kikubaaqudgha.
  6486 | D:4      | Found an ancient bone altar of Kikubaaqudgha.
  6592 | D:5      | Entered Level 5 of the Dungeon
  6592 | D:5      | Found an opulent altar of Gozag.
  6604 | D:5      | Reached skill level 7 in Conjurations
  6863 | D:5      | Reached skill level 8 in Conjurations
  6876 | D:5      | Got a shadowed robe
  6887 | D:5      | Identified the +2 robe of the Wheelwright {Dex+4} (You found it on level 5 of the Dungeon)
  6906 | D:5      | Found a shimmering altar of Xom.
  6921 | D:5      | Reached skill level 1 in Armour
  7296 | D:5      | Reached skill level 1 in Fighting
  7942 | D:5      | Found a shimmering altar of Xom.
  8178 | D:5      | Found an opulent altar of Gozag.
  8181 | D:5      | Reached XP level 8. HP: 43/43 MP: 10/17
  8530 | D:7      | Found a staircase to the Ecumenical Temple.
  8540 | Temple   | Entered the Ecumenical Temple
  8546 | Temple   | Became a worshipper of Vehumet
  8651 | D:6      | Reached skill level 5 in Dodging
  8942 | D:6      | Noticed Eustachio
  8948 | D:6      | Killed Eustachio
  9314 | D:6      | Found Tyriun's Armour Shoppe.
  9473 | D:6      | Found Tyriun's Armour Shoppe.
 10339 | D:7      | Reached skill level 1 in Hexes
 10594 | D:7      | Reached XP level 9. HP: 47/47 MP: 6/23
 10771 | D:7      | Reached skill level 5 in Hexes
 11394 | D:7      | Reached skill level 5 in Stealth
 11623 | D:7      | Found a staircase to the Ecumenical Temple.
 12226 | D:8      | Reached skill level 9 in Spellcasting
 12321 | D:8      | Reached * piety under Vehumet
 12321 | D:8      | Offered knowledge of Flame Tongue by Vehumet.
 12324 | D:8      | Learned a level 1 spell: Flame Tongue
 12328 | D:8      | Learned a level 3 spell: Confuse
 12334 | D:8      | Learned a level 5 spell: Summon Demon
 12433 | D:8      | Reached skill level 1 in Fire Magic
 12561 | D:8      | You fall through a shaft for 2 floors!
 12561 | D:10     | Entered Level 10 of the Dungeon
 12811 | D:10     | Noticed a gargoyle
 13312 | D:8      | Found Ivvogen's Gadget Shop.
 13315 | D:8      | Reached XP level 10. HP: 52/52 MP: 17/25
 13561 | D:9      | Offered knowledge of Throw Frost by Vehumet.
 13589 | D:9      | Noticed Grum
 13598 | D:9      | Slain by Grum

Vault maps used:
D:1:      lightli_arrival_farm
D:2:      fedhas_altar_2
D:3:      uniq_jessica
D:4:      lemuel_crystal_altar, minmay_misc_feat_encased, uniq_duvessa
D:5:      xom_butterflies, first_bread, nicolae_gozag_seed_capital
D:6:      serial_shops, nicolae_shop_behind_doors, uniq_eustachio
D:7:      old_forge, minmay_misc_feat_rugged, grunt_livestock, st_stairs_11
D:8:      kennysheep_small_square
D:9:      uniq_grum
D:10:     wad_hexagon
Temple:   nicolae_temple_the_god_donut

Action                   |  1- 3 |  4- 6 |  7- 9 | 10-12 || total
-------------------------+-------+-------+-------+-------++-------
Melee: Short sword       |     5 |    22 |     2 |       ||    29
       Rapier            |       |       |    15 |       ||    15
 Cast: Magic Dart        |    81 |    96 |   223 |    22 ||   422
       Searing Ray       |       |    12 |       |       ||    12
       Iskenderun's Batt |       |     3 |    56 |     6 ||    65
       Dazzling Spray    |       |     1 |       |       ||     1
 Abil: Evoke Teleportati |       |     1 |     1 |       ||     2
  Use: Scroll            |     3 |     1 |    12 |       ||    16
       Potion            |       |     4 |     5 |       ||     9
  Eat: Chunk             |     2 |    12 |    27 |       ||    41
       Fruit             |       |       |     5 |       ||     5
       Bread ration      |       |       |     2 |       ||     2
       Pizza             |       |       |     1 |       ||     1
       Meat ration       |       |       |       |     1 ||     1
